 Dungeon Crawl Stone Soup version 0.30-a0-161-gdd60e06945 (webtiles) character file.

Game seed: 10774737088770998510

404 qw the Chopper (level 6, -7/38 HPs)
             Began as a Gargoyle Fighter on Sept 27, 2022.
             Mangled by an ogre
             ... wielding a +0 giant spiked club
              (19 damage)
             ... on level 4 of the Dungeon.
             The game lasted 00:01:16 (3442 turns).

qw the Chopper (Gargoyle Fighter)                   Turns: 3442, Time: 00:01:17

Health: -7/38      AC: 13    Str: 22    XL:     6   Next: 86%
Magic:  6/6        EV:  6    Int:  8    God:
Gold:   176        SH:  8    Dex:  9    Spells: 5/5 levels left

rFire   . . .      SeeInvis .    Y - +0 war axe (vorpal)
rCold   . . .      Faith    .    l - +0 kite shield
rNeg    + . .      Spirit   .    g - +0 chain mail
rPois   inf        Reflect  .    (no helmet)
rElec   +          Harm     .    (no cloak)
rCorr   .          Rampage  .    (no gloves)
Will    .....                    (no boots)
Stlth   ..........               h - amulet of the acrobat
HPRegen 0.12/turn                (no ring)
MPRegen 0.10/turn                (no ring)

@: no status effects
A: sickness immunity, AC +4, negative energy resistance 1, electricity
resistance, torment resistance 1, petrification resistance
a: no special abilities


You were on level 4 of the Dungeon.
You visited 1 branch of the dungeon, and saw 4 of its levels.

You collected 176 gold pieces.


Innate Abilities, Weirdness & Mutations

You are immune to sickness and miasma.
Your stone body is resilient. (AC +4)
You are immune to poison.
You resist negative energy. (rN+)
You are resistant to electric shocks. (rElec)
You are resistant to unholy torment.
You are immune to petrification.


   Skills:
 - Level 4.2 Fighting
 - Level 5.6 Axes
 - Level 3.2 Armour
 - Level 0.1 Dodging
 + Level 4.2 Shields


You had 5 spell levels left.
You didn't know any spells.
Your spell library was empty.

Inventory:

Hand Weapons
 n - a +0 flail
 Y - a +0 vorpal war axe (weapon)
Armour
 g - a +0 chain mail (worn)
 l - a +0 kite shield (worn)
Jewellery
 h - an amulet of the acrobat (around neck)
Scrolls
 f - a scroll of identify
 j - 2 scrolls of enchant armour
 m - 4 scrolls of teleportation
Potions
 a - a potion of attraction {unknown}
 b - a potion of lignification {unknown}
 d - a potion of might
 i - 2 potions of heal wounds
 k - a potion of ambrosia {unknown}
 o - a potion of flight {unknown}

Dungeon Overview and Level Annotations

Branches:
Dungeon (4/15)
 Temple: D:4-7

Altars:
Dithmenos
Elyvilon

Portals:
Abyss: D:4

Annotations:
D:4 2 transporters, qw's ghost, amateur GrFi


Message History

You kill the kobold!
You now have 158 gold pieces (gained 13).
Found a stone staircase leading down.
There is a stone staircase leading down here.
You open the gate.
Found a white marble altar of Elyvilon.
There is an open gate here.
m - 4 scrolls of teleportation (gained 1)
There is an open gate here.
Found a one-way gate to the infinite horrors of the Abyss.
Qw's ghost turns its malevolent gaze towards you.
You hear a shout!
You now have 176 gold pieces (gained 18).
Found a stone staircase leading down.
Found a ring mail.
Enter note: You see here a +0 ring mail.
An adder and an ogre come into view.
The adder hisses angrily.
The ogre shouts!
Enter note: You block the adder's attack.
You closely miss the adder. You block the adder's attack.
The adder bites you but does no damage.
You hit the ogre.
The ogre is moderately wounded.
You barely miss the adder. The adder bites you but does no damage.
You block the ogre's attack.
You hit the ogre.
The ogre is moderately wounded.
You barely miss the adder. The adder bites you but does no damage.
The adder barely misses you.
The ogre hits you with a +0 giant spiked club!!
Ouch! That really hurt!
You hit the ogre.
The ogre is severely wounded.
You closely miss the adder. The adder bites you but does no damage.
You block the adder's attack.
The ogre hits you with a +0 giant spiked club!!
Ouch! That really hurt!
You die...

### ##.### ### ######
#....### ##..
##.#....###[.....# #...
......S@#....#...####..#
..##..O....####.........
##.#..........##.....
...#.............#...
........#.........####
#..........##..##..........#
#...........##.............#
........<.................###
............................


You could see an ogre and an adder.

Vanquished Creatures
  Sigmund (D:2)
  An orc priest (D:3)
  2 orc wizards
  An iguana (D:4)
  4 adders
  2 worms (D:3)
  2 dart slugs
  6 orcs
  6 ball pythons
  6 bats
  7 endoplasms
  2 giant cockroaches
  14 goblins
  2 hobgoblins
  3 jackals (D:3)
  3 quokkas
  3 frilled lizards
  7 kobolds
  5 rats (D:1)
77 creatures vanquished.

Notes
Turn   | Place    | Note
-------+----------+-------------------------------------------
     0 | D:1      | qw the Gargoyle Fighter began the quest for the Orb.
     0 | D:1      | Reached XP level 1. HP: 14/14 MP: 1/1
     0 | D:1      | 0 ||| qw: Version: 0.2-a-10-g37ed214
     0 | D:1      | 0 ||| qw: Game counter: 669
     0 | D:1      | 0 ||| qw: Always use a shield: true
     0 | D:1      | 0 ||| qw: God list: Okawaru
     0 | D:1      | 0 ||| qw: Allow faded altars: false
     0 | D:1      | 0 ||| qw: Do Orc after D:15 true
     0 | D:1      | 0 ||| qw: Do second Lair branch before Depths: true
     0 | D:1      | 0 ||| qw: Lair rune preference: random
     0 | D:1      | 0 ||| qw: Plans: Normal, Zot:1-4, God:TSO, Crypt, Tomb,
                  | Pan, Slime:5, Hells, Abyss, Orb
     0 | D:1      | 0 ||| PLANNING D:1-11
    87 | D:1      | Reached skill level 2 in Axes
   155 | D:1      | Reached XP level 2. HP: 14/19 MP: 2/2
   621 | D:1      | Reached skill level 3 in Axes
   806 | D:1      | Reached XP level 3. HP: 23/23 MP: 3/3
   969 | D:1      | 969 ||| UPGRADING to amulet of the acrobat.
   974 | D:1      | 974 ||| READING scroll labelled JUYMNU HAPP.
   975 | D:1      | 975 ||| READING scroll labelled VIMNOEPOHY.
   976 | D:1      | 976 ||| READING 2 scrolls labelled KUSITS PONAGA.
  1020 | D:1      | 1020 ||| DROPPING scroll of torment.
  1086 | D:2      | 1086 ||| FLEEEEING.
  1087 | D:2      | 1087 ||| FLEEEEING.
  1088 | D:2      | 1088 ||| FLEEEEING.
  1096 | D:2      | 1096 ||| STAIRDANCE
  1254 | D:2      | Reached XP level 4. HP: 28/28 MP: 4/4
  1519 | D:2      | 1519 ||| Stepping ~*~*~tactically~*~*~ (stealth).
  1647 | D:2      | 1647 ||| DROPPING +0 club.
  1715 | D:2      | Noticed Sigmund
  1716 | D:2      | 1716 ||| Stepping ~*~*~tactically~*~*~ (hiding).
  1729 | D:2      | Killed Sigmund
  1730 | D:2      | Reached skill level 5 in Axes
  1730 | D:2      | Reached XP level 5. HP: 29/32 MP: 5/5
  1730 | D:2      | Reached XP level 6. HP: 34/37 MP: 6/6
  2015 | D:2      | 2015 ||| READING 2 scrolls labelled LIJONE MOS BOA.
  2016 | D:2      | 2016 ||| READING scroll labelled KUACOKL LUBIRI.
  2017 | D:2      | 2017 ||| READING scroll labelled ANARUMANIJ.
  2018 | D:2      | 2018 ||| READING scroll labelled LEIGOT PAITH.
  2019 | D:2      | 2019 ||| FLEEEEING.
  2020 | D:2      | 2020 ||| FLEEEEING.
  2021 | D:2      | 2021 ||| FLEEEEING.
  2022 | D:2      | 2022 ||| READING scroll labelled MIYXKI HANA.
  2023 | D:2      | 2023 ||| DROPPING scroll of blinking.
  2218 | D:3      | 2218 ||| Stepping ~*~*~tactically~*~*~ (stealth).
  2355 | D:3      | 2355 ||| Stepping ~*~*~tactically~*~*~ (stealth).
  2357 | D:3      | 2357 ||| Stepping ~*~*~tactically~*~*~ (hiding).
  2369 | D:3      | 2369 ||| Stepping ~*~*~tactically~*~*~ (hiding).
  2572 | D:3      | 2572 ||| DROPPING +0 whip.
  2745 | D:3      | Found a shadowy altar of Dithmenos.
  2785 | D:3      | 2785 ||| UPGRADING to +0 chain mail.
  2795 | D:3      | 2795 ||| DROPPING +0 scale mail.
  2796 | D:3      | 2796 ||| UPGRADING to +0 kite shield.
  2806 | D:3      | 2806 ||| DROPPING +0 buckler.
  2807 | D:3      | 2807 ||| READING scroll labelled SYOMUALISA.
  2908 | D:3      | 2908 ||| READING 2 scrolls labelled OPHANW FA POTT.
  2909 | D:3      | 2909 ||| READING 3 scrolls of identify.
  2909 | D:3      | 2909 ||| IDENTIFYING fuming amethyst potion
  2910 | D:3      | 2910 ||| READING 2 scrolls of identify.
  2910 | D:3      | 2910 ||| IDENTIFYING orange potion
  2974 | D:4      | 2974 ||| DRINKING potion of curing.
  2974 | D:4      | 2974 ||| (to cure confusion)
  2982 | D:4      | 2982 ||| FLEEEEING.
  2983 | D:4      | 2983 ||| FLEEEEING.
  2984 | D:4      | 2984 ||| FLEEEEING.
  3042 | D:4      | Found a transporter.
  3167 | D:4      | 3167 ||| Stepping ~*~*~tactically~*~*~ (stealth).
  3183 | D:4      | 3183 ||| Stepping ~*~*~tactically~*~*~ (stealth).
  3227 | D:4      | 3227 ||| Stepping ~*~*~tactically~*~*~ (hiding).
  3329 | D:4      | Found a white marble altar of Elyvilon.
  3381 | D:4      | Found a one-way gate to the infinite horrors of the Abyss.
  3381 | D:4      | Noticed qw's ghost (amateur GrFi)
  3408 | D:4      | Found a transporter.
  3442 | D:4      | Mangled by an ogre

Levels and vault maps discovered:
D:1:      kilobyte_arrival_exit_the_forest, layout_basic, minivault_5
D:2:      layout_loops_ring, minmay_goblin_outpost, uniq_sigmund
D:3:      layout_basic, lemuel_round_altar, eino_tiny_chamber
D:4:      layout_cave_pools, mainiacjoe_overflow_alcove_4,
          gammafunk_ghost_abyssal_escape

Skill      XL: |  1  2  3  4  5  6 |
---------------+-------------------+-----
Axes           | 2 3 5 |  5.6
Fighting       | 4 |  4.2
Shields        | 4 |  4.2
Armour         | |  3.2
Dodging        | |  0.1

Action                   |  1- 3 |  4- 6 || total
-------------------------+-------+-------++-------
Melee: War axe           |    91 |   125 ||   216
  Use: Scroll            |     3 |     9 ||    12
       Potion            |       |     1 ||     1
Armor: Scale mail        |    58 |    49 ||   107
       Chain mail        |       |    18 ||    18
Dodge: Dodged            |    25 |    39 ||    64
Block: Buckler           |    20 |    16 ||    36
       Kite shield       |       |    18 ||    18

Table legend:
 A = Non-vault XP
 B = Vault XP
 C = Vault XP percentage of total XP
 D = Non-vault monster count
 E = Vault monster count
 F = Vault count percentage of total count
                 A         B        C        D         E       F
            +---------+---------+-------+---------+---------+-------
      Total |     327 |     251 |  43.4 |      70 |       7 |   9.1
            +---------+---------+-------+---------+---------+-------
        D:1 |      38 |       0 |   0.0 |      22 |       0 |   0.0
        D:2 |      50 |     251 |  83.4 |      16 |       7 |  30.4
        D:3 |     117 |       0 |   0.0 |      18 |       0 |   0.0
        D:4 |     122 |       0 |   0.0 |      14 |       0 |   0.0
            +---------+---------+-------+---------+---------+-------
